[Event "Titled Tuesday Blitz August 22 Early 2023"]
[White "Harsh Suresh"]
[Black "Badelka, Olga"]
[WhiteFideId "45018464"]
[BlackFideId "13509926"]
[WhiteElo "2869"]
[BlackElo "2585"]
[Result "1-0"]
[Round "9"]
[TimeControl "180+1"]
[Date "2023.08.22"]
[WhiteClock "0:00:34"]
[BlackClock "0:00:08"]
[Board "40"]

1. e4 e5 2. Nf3 Nc6 3. Bc4 Bc5 4. c3 Nf6 5. d4 exd4 6. b4 Bb6 7. e5 d5 8. exf6 dxc4 9. b5 Na5 10. Qe2+ Be6 11. fxg7 Rg8 12. Bg5 Qd5 13. Bf6 d3 14. Qe5 c6 15. Nbd2 Bd8 16. Ne4 cxb5 17. Qf4 Bc7 18. Be5 Bxe5 19. Nxe5 O-O-O 20. Nf6 Qxg2 21. Nxg8 Qxh1+ 22. Kd2 Qxa1 23. Ne7+ Kc7 24. Nxf7+ Kd7 25. Qd6+ Ke8 26. Qxd8+ Kxf7 27. g8=Q+ Kf6 28. Nd5+ Ke5 29. Qgg5+ Ke4 30. Qf4# 1-0


[Site "https://www.chess.com"]

[Event "Titled Tuesday Blitz August 22 Early 2023"]
[White "Ilamparthi A R"]
[Black "Ahmad, Khagan"]
[WhiteFideId "45015775"]
[BlackFideId "13431552"]
[WhiteElo "2867"]
[BlackElo "2609"]
[Result "1-0"]
[Round "9"]
[TimeControl "180+1"]
[Date "2023.08.22"]
[WhiteClock "0:00:24"]
[BlackClock "0:00:00"]
[Board "41"]

1. e4 c6 2. d3 d5 3. Nd2 dxe4 4. dxe4 e5 5. Ngf3 Bc5 6. Nxe5 Bxf2+ 7. Kxf2 Qd4+ 8. Ke1 Qxe5 9. Nc4 Qxe4+ 10. Kf2 Qh4+ 11. g3 Qf6+ 12. Kg2 Be6 13. Nd6+ Kf8 14. Ne4 Bd5 15. Bd3 Ne7 16. c4 Bxe4+ 17. Bxe4 Na6 18. Re1 Nc5 19. Bc2 Ne6 20. Be3 Rd8 21. Qe2 Nf5 22. Rf1 Nxe3+ 23. Qxe3 Qh6 24. Qxh6 gxh6 25. Rf2 Ke7 26. Raf1 Rhf8 27. Bxh7 f6 28. Re2 Kf7 29. Be4 Nd4 30. Ref2 Kg7 31. Rf4 f5 32. Bxf5 Nxf5 33. Rxf5 Rd2+ 34. R5f2 Rfxf2+ 35. Rxf2 Rd4 36. Rc2 Kf6 37. Kf3 Ke5 38. Ke3 Rd1 39. b3 Re1+ 40. Re2 Ra1 41. Kf3+ Kd4 42. Kg4 Rh1 43. h4 Rg1 44. Kf4 Rf1+ 45. Kg4 Rg1 46. Re7 b5 47. cxb5 cxb5 48. Rxa7 b4 49. Ra6 Rg2 50. Rxh6 Rxa2 51. Rc6 1-0


[Site "https://www.chess.com"]

[Event "Titled Tuesday Blitz August 22 Early 2023"]
[White "Putnam, Liam"]
[Black "Yurovskykh, Oleksandr"]
[WhiteFideId "30938279"]
[BlackFideId "14134020"]
[WhiteElo "2813"]
[BlackElo "2592"]
[Result "1-0"]
[Round "9"]
[TimeControl "180+1"]
[Date "2023.08.22"]
[WhiteClock "0:01:50"]
[BlackClock "0:00:59"]
[Board "42"]

1. e4 d5 2. exd5 Nf6 3. Bb5+ Bd7 4. Be2 Nxd5 5. d4 g6 6. Nf3 Bg7 7. O-O O-O 8. c4 Nb6 9. Nc3 Be6 10. d5 Bg4 11. Qb3 Na6 12. Be3 c6 13. dxc6 bxc6 14. c5 Bxf3 15. gxf3 Nd5 16. Nxd5 cxd5 17. Bxa6 Rb8 18. Qd3 Rxb2 19. Bd4 Bxd4 20. Qxd4 Rb8 21. c6 Rb6 22. Bb7 e6 23. Rab1 Qc7 24. Rxb6 axb6 25. Rb1 1-0


[Site "https://www.chess.com"]

[Event "Titled Tuesday Blitz August 22 Early 2023"]
[White "NovoselovRoman"]
[Black "Krzyzanowski, Marcin"]
[BlackFideId "1132199"]
[WhiteElo "2589"]
[BlackElo "2778"]
[Result "0-1"]
[Round "9"]
[TimeControl "180+1"]
[Date "2023.08.22"]
[WhiteClock "0:00:00"]
[BlackClock "0:00:23"]
[Board "43"]

1. e4 c5 2. Nc3 d6 3. g3 g6 4. Bg2 Bg7 5. d3 Nc6 6. Be3 Rb8 7. a4 a6 8. Qd2 b5 9. axb5 axb5 10. Nf3 b4 11. Nd1 Nd4 12. h4 h5 13. Ng5 e6 14. Ra7 Ne7 15. c3 bxc3 16. bxc3 Ndc6 17. Ra2 Ne5 18. f3 O-O 19. Nh3 c4 20. d4 Nd3+ 21. Ke2 e5 22. Nhf2 exd4 23. Bxd4 Bxd4 24. cxd4 Nc6 25. Nxd3 cxd3+ 26. Ke3 Rb3 27. d5 Qb6+ 28. Kf4 Nd4 29. Bf1 f5 30. Kg5 Kg7 0-1


[Site "https://www.chess.com"]

[Event "Titled Tuesday Blitz August 22 Early 2023"]
[White "Chyzy, Jakub"]
[Black "Kushko, Dmitriy"]
[WhiteFideId "21806209"]
[BlackFideId "14162261"]
[WhiteElo "2585"]
[BlackElo "2763"]
[Result "0-1"]
[Round "9"]
[TimeControl "180+1"]
[Date "2023.08.22"]
[WhiteClock "0:00:00"]
[BlackClock "0:00:03"]
[Board "44"]

1. e4 g6 2. d4 Bg7 3. Nc3 d6 4. Be3 a6 5. Qd2 b5 6. O-O-O Bb7 7. f3 Nd7 8. Kb1 e6 9. h4 h6 10. g4 Ne7 11. Nge2 c5 12. dxc5 dxc5 13. Ng3 Qc7 14. f4 O-O-O 15. Qe1 Nc6 16. Bg2 Nd4 17. Qf2 Nf6 18. Bf3 Nxf3 19. Qxf3 Nxe4 20. Ncxe4 f5 21. Rhe1 fxe4 22. Nxe4 Qc6 23. Bg1 Rxd1+ 24. Qxd1 Rd8 25. Qc1 Rd5 26. a3 b4 27. axb4 cxb4 28. c3 Rb5 29. c4 Ra5 30. Qc2 h5 31. g5 Rf5 32. Nf6 Bxf6 33. gxf6 Rxf6 34. Bd4 Rxf4 35. Be5 Rxc4 36. Qxg6 Qd7 37. Rf1 Bd5 38. Rf8+ Kb7 39. Rb8+ Kc6 40. Qg1 Be4+ 0-1


[Site "https://www.chess.com"]

[Event "Titled Tuesday Blitz August 22 Early 2023"]
[White "Golubev, Mikhail"]
[Black "Starozhilov, Leonid"]
[WhiteFideId "14100983"]
[BlackFideId "14106752"]
[WhiteElo "2580"]
[BlackElo "2754"]
[Result "1-0"]
[Round "9"]
[TimeControl "180+1"]
[Date "2023.08.22"]
[WhiteClock "0:00:43"]
[BlackClock "0:00:01"]
[Board "45"]

1. e4 g6 2. d4 Bg7 3. c4 d6 4. Nc3 Nc6 5. d5 Nd4 6. Be3 c5 7. Nge2 Nxe2 8. Bxe2 Nf6 9. O-O O-O 10. f4 a6 11. a4 e6 12. dxe6 Bxe6 13. f5 gxf5 14. exf5 Bd7 15. Qxd6 Re8 16. Bg5 Bc6 17. Qxd8 Raxd8 18. Bf3 h6 19. Bxc6 hxg5 20. Bxe8 Nxe8 21. Nd5 Bxb2 22. Rab1 Bd4+ 23. Kh1 Nd6 24. Rfe1 Nxf5 25. Ne7+ Nxe7 26. Rxe7 Bf6 27. Rexb7 Rd4 28. R7b6 Be5 29. Rxa6 Rxc4 30. a5 Rh4 31. h3 Ra4 32. Ra8+ Kg7 33. g4 c4 34. a6 c3 35. a7 c2 36. Rc1 Ra2 37. Re8 Bf4 38. a8=Q Rxa8 39. Rxa8 Bxc1 40. Rc8 Bd2 41. Rxc2 Be1 42. Kg2 Kg6 43. Kf3 f6 44. Ke4 Bg3 45. Rc6 Be5 46. Kd5 Ba1 47. Ke6 Be5 48. Rc8 Bd4 49. Rg8+ Kh7 50. Kf7 Be5 51. Rg7+ Kh8 52. Rg6 Kh7 53. Rxf6 1-0


[Site "https://www.chess.com"]

[Event "Titled Tuesday Blitz August 22 Early 2023"]
[White "Eynullayev, Altay"]
[Black "Kosteniuk, Alexandra"]
[WhiteFideId "13413562"]
[BlackFideId "4128125"]
[WhiteElo "2573"]
[BlackElo "2748"]
[Result "1-0"]
[Round "9"]
[TimeControl "180+1"]
[Date "2023.08.22"]
[WhiteClock "0:00:07"]
[BlackClock "0:00:07"]
[Board "46"]

1. d4 f5 2. Nf3 Nf6 3. g3 g6 4. Bg2 Bg7 5. O-O O-O 6. c4 d6 7. b3 a5 8. Bb2 a4 9. bxa4 Bd7 10. Nc3 Ne4 11. Nxe4 fxe4 12. Ng5 e5 13. Nxe4 Bxa4 14. Qd2 Nc6 15. d5 Ne7 16. c5 Nf5 17. e3 b6 18. cxb6 cxb6 19. Rfc1 h6 20. Qb4 Be8 21. a4 h5 22. h4 Rf7 23. Ng5 Rfa7 24. Ne6 Qe7 25. Qb3 Bxa4 26. Qb4 Be8 27. Rxa7 Rxa7 28. e4 Nh6 29. Rc8 Bf6 30. Bh3 Kh7 31. Ba3 Ra4 32. Qxd6 Qf7 33. Nf8+ Kg8 34. Be6 Rxe4 35. Rxe8 Re1+ 36. Kg2 Kg7 37. Bxf7 Nxf7 38. Ne6+ Kh7 39. Qd7 1-0


[Site "https://www.chess.com"]

[Event "Titled Tuesday Blitz August 22 Early 2023"]
[White "Wagner, Dennis"]
[Black "Ganiev, Roman"]
[WhiteFideId "24650684"]
[BlackFideId "4131452"]
[WhiteElo "2746"]
[BlackElo "2573"]
[Result "1-0"]
[Round "9"]
[TimeControl "180+1"]
[Date "2023.08.22"]
[WhiteClock "0:00:11"]
[BlackClock "0:00:01"]
[Board "47"]

1. d4 Nf6 2. Nf3 e6 3. c4 b6 4. a3 Bb7 5. Nc3 d5 6. cxd5 Nxd5 7. e3 Be7 8. Bb5+ c6 9. Bd3 c5 10. e4 Nxc3 11. bxc3 O-O 12. O-O Nd7 13. Bf4 Nf6 14. Re1 Rc8 15. h3 cxd4 16. cxd4 Rc3 17. a4 Qa8 18. d5 exd5 19. exd5 Nxd5 20. Be5 Bf6 21. Qd2 Bxe5 22. Nxe5 Rc7 23. a5 bxa5 24. Rxa5 Nf6 25. Qf4 Bxg2 26. Ng4 Nxg4 27. hxg4 Rd7 28. Bxh7+ Kxh7 29. Qh2+ Kg8 30. Rh5 f6 31. Rh8+ Kf7 32. Qh5+ g6 33. Qh7# 1-0


[Site "https://www.chess.com"]

[Event "Titled Tuesday Blitz August 22 Early 2023"]
[White "Weetik, Vjacheslav"]
[Black "Yelisieiev, Yevhenii"]
[WhiteFideId "4153472"]
[BlackFideId "14139642"]
[WhiteElo "2743"]
[BlackElo "2567"]
[Result "0-1"]
[Round "9"]
[TimeControl "180+1"]
[Date "2023.08.22"]
[WhiteClock "0:00:00"]
[BlackClock "0:00:45"]
[Board "48"]

1. d4 d6 2. e4 Nf6 3. Nc3 e5 4. Nge2 c6 5. g3 b5 6. a3 Be7 7. Bg2 Bb7 8. O-O Nbd7 9. h3 a5 10. Be3 O-O 11. g4 b4 12. Na4 exd4 13. Nxd4 g6 14. f3 c5 15. Nb5 Ne5 16. b3 Ba6 17. c4 bxc3 18. Naxc3 c4 19. f4 Ned7 20. bxc4 Rc8 21. Qe2 Nb6 22. Bxb6 Qxb6+ 23. Kh1 Qc5 24. e5 dxe5 25. fxe5 Nd7 26. e6 Ne5 27. Nd5 Bd6 28. e7 Rfe8 29. Nf6+ Kg7 30. Nxe8+ Rxe8 31. Nxd6 Qxd6 32. c5 Qe6 0-1


[Site "https://www.chess.com"]

[Event "Titled Tuesday Blitz August 22 Early 2023"]
[White "Gontcharov, Vladislav"]
[Black "Blanco Ronquillo, Humberto L."]
[WhiteFideId "4123492"]
[BlackFideId "3504239"]
[WhiteElo "2567"]
[BlackElo "2714"]
[Result "1-0"]
[Round "9"]
[TimeControl "180+1"]
[Date "2023.08.22"]
[WhiteClock "0:00:08"]
[BlackClock "0:00:00"]
[Board "49"]

1. d4 d5 2. c4 c6 3. Nf3 Nf6 4. e3 Bf5 5. cxd5 cxd5 6. Nc3 Nc6 7. Bb5 Rc8 8. Ne5 e6 9. g4 Be4 10. f3 Bg6 11. h4 h5 12. Bxc6+ bxc6 13. Nxg6 fxg6 14. Qc2 Kf7 15. gxh5 Nxh5 16. Qg2 c5 17. dxc5 Bxc5 18. Bd2 Qf6 19. O-O-O Rc6 20. f4 Rb8 21. Qg5 Qxg5 22. hxg5 Ng3 23. Rh3 Nf5 24. Rdh1 Nd6 25. Rh8 Rcc8 26. Rxc8 Rxc8 27. Rh3 Nc4 28. Kc2 Bb6 29. Bc1 Ba5 30. Kd3 Bxc3 31. bxc3 Nd6 32. Bd2 Rb8 33. Kc2 Nc4 34. Bc1 Nd6 35. Rh1 Ne4 36. Rh2 a5 37. Rh1 a4 38. Rh2 Rc8 39. Bd2 Rb8 40. Bc1 Nd6 41. Rh1 Nc4 42. Rh2 Ke7 43. Rh1 Rb7 44. Rh7 Kf7 45. Rh8 Nd6 46. Ra8 Ne4 47. Rxa4 1-0


[Site "https://www.chess.com"]

[Event "Titled Tuesday Blitz August 22 Early 2023"]
[White "Preotu, Razvan"]
[Black "Willy, Stephen"]
[WhiteFideId "2613280"]
[BlackFideId "30981468"]
[WhiteElo "2712"]
[BlackElo "2559"]
[Result "1-0"]
[Round "9"]
[TimeControl "180+1"]
[Date "2023.08.22"]
[WhiteClock "0:00:37"]
[BlackClock "0:00:34"]
[Board "50"]

1. e4 e6 2. d4 d5 3. Nc3 Nf6 4. e5 Nfd7 5. f4 c5 6. Nf3 Nc6 7. Be3 Qb6 8. Na4 Qa5+ 9. c3 cxd4 10. b4 Nxb4 11. cxb4 Bxb4+ 12. Bd2 Bxd2+ 13. Nxd2 b5 14. Nb2 O-O 15. Bd3 f6 16. O-O fxe5 17. fxe5 Rxf1+ 18. Nxf1 Nxe5 19. Bxh7+ Kxh7 20. Qh5+ Kg8 21. Qe8+ Kh7 22. Qh5+ Kg8 23. Qxe5 Qc3 24. Qe2 e5 25. Qxe5 Qxb2 26. Qxd5+ Kh7 27. Qxa8 Qxa1 28. Qxc8 Qb1 29. Qc5 Qd3 30. Qxa7 Qe4 31. Qc5 d3 32. Qe3 Qd5 33. Nd2 Kg8 34. Qe8+ 1-0


[Site "https://www.chess.com"]

[Event "Titled Tuesday Blitz August 22 Early 2023"]
[White "Matinian, Nikita"]
[Black "Chor, Kevin"]
[WhiteFideId "24129100"]
[BlackFideId "2090740"]
[WhiteElo "2706"]
[BlackElo "2565"]
[Result "1-0"]
[Round "9"]
[TimeControl "180+1"]
[Date "2023.08.22"]
[WhiteClock "0:00:28"]
[BlackClock "0:00:00"]
[Board "51"]

1. e4 c5 2. Nf3 Nc6 3. Bb5 Qb6 4. Nc3 e6 5. O-O Nge7 6. a4 Ng6 7. Re1 Be7 8. Bxc6 bxc6 9. a5 Qc7 10. e5 O-O 11. d4 cxd4 12. Qxd4 f6 13. exf6 Bxf6 14. Qd3 d5 15. Be3 e5 16. Nxd5 Qd6 17. Nxf6+ Qxf6 18. Ra4 Bf5 19. Qc3 Rfd8 20. Rc4 Rdc8 21. Bg5 Qf7 22. Nxe5 Nxe5 23. Rxe5 Re8 24. Rxc6 Rxe5 25. Qxe5 Re8 26. Qc3 Qd7 27. h3 h6 28. Bf4 Re1+ 29. Kh2 Be4 30. Rc7 1-0


[Site "https://www.chess.com"]

[Event "Titled Tuesday Blitz August 22 Early 2023"]
[White "Petrosian, Karlen"]
[Black "Issabayev, Dias"]
[WhiteFideId "4176146"]
[BlackFideId "13703110"]
[WhiteElo "2705"]
[BlackElo "2557"]
[Result "0-1"]
[Round "9"]
[TimeControl "180+1"]
[Date "2023.08.22"]
[WhiteClock "0:00:04"]
[BlackClock "0:00:47"]
[Board "52"]

1. e4 c5 2. Be2 Nc6 3. f4 g6 4. Nf3 Bg7 5. O-O d5 6. d3 Bg4 7. c3 e6 8. h3 Bxf3 9. Bxf3 Nge7 10. a4 O-O 11. Na3 a6 12. Bd2 Qd7 13. Qc2 Rab8 14. Be3 d4 15. Bf2 b5 16. axb5 axb5 17. Nb1 Rfc8 18. Nd2 dxc3 19. bxc3 b4 20. Nb1 bxc3 21. Nxc3 Nd4 22. Qd2 Nb3 23. Qc2 Nxa1 24. Rxa1 Nc6 25. e5 Nb4 26. Qd1 Qxd3 27. Ne4 c4 28. Nd6 Rc7 29. Qa4 c3 30. Qa5 Rd7 31. Ba7 Rf8 32. Qxb4 Rxa7 33. Rxa7 Qe3+ 34. Kh2 Qxa7 35. Qxc3 Qa4 36. Qd2 Bh6 37. Kg3 Qa3 38. h4 Qc5 39. Kg4 Qxe5 40. fxe5 Bxd2 41. Ne4 Bc1 42. h5 Bb2 43. Kf4 Rd8 44. h6 Bc1+ 45. Kg4 Bxh6 46. Nf6+ Kg7 47. Be4 Rd4 48. Kf3 Bg5 49. Ng4 h5 0-1


[Site "https://www.chess.com"]

[Event "Titled Tuesday Blitz August 22 Early 2023"]
[White "ArtemDyachuk"]
[Black "Papasimakopoulos, Alexandros"]
[BlackFideId "4244125"]
[WhiteElo "2542"]
[BlackElo "2700"]
[Result "1-0"]
[Round "9"]
[TimeControl "180+1"]
[Date "2023.08.22"]
[WhiteClock "0:01:42"]
[BlackClock "0:01:31"]
[Board "53"]

1. e4 e6 2. d4 d5 3. e5 Bd7 4. Nf3 a6 5. Be2 c5 6. c3 Qb6 7. O-O Bb5 8. dxc5 Bxc5 9. c4 Bxc4 10. Bxc4 dxc4 11. Nc3 Ne7 12. Ne4 O-O 13. Nfg5 Ng6 14. Qh5 h6 15. Nf3 Nc6 16. Bxh6 Be7 17. Bg5 Rfd8 18. Bxe7 Ncxe7 19. Nfg5 Rab8 20. Nf6+ gxf6 21. Qh7+ Kf8 22. Qxf7# 1-0


[Site "https://www.chess.com"]

[Event "Titled Tuesday Blitz August 22 Early 2023"]
[White "Koutlas, Nikolaos"]
[Black "Morefield, Jason"]
[WhiteFideId "25827138"]
[BlackFideId "30920825"]
[WhiteElo "2532"]
[BlackElo "2699"]
[Result "0-1"]
[Round "9"]
[TimeControl "180+1"]
[Date "2023.08.22"]
[WhiteClock "0:00:18"]
[BlackClock "0:00:02"]
[Board "54"]

1. e4 d6 2. Nc3 Nf6 3. f4 g6 4. Nf3 Bg7 5. Bc4 O-O 6. O-O Nxe4 7. Nxe4 d5 8. Bd3 dxe4 9. Bxe4 c6 10. d4 Nd7 11. c3 Nf6 12. Bd3 Bf5 13. Bxf5 gxf5 14. Ne5 e6 15. Rf3 Ne4 16. Be3 Rc8 17. Rh3 Qe8 18. Qh5 h6 19. Rf1 Kh7 20. Nf3 f6 21. Qh4 Qg6 22. Nd2 Qg4 23. Nxe4 Qxh4 24. Rxh4 fxe4 25. f5 exf5 26. Rxf5 Kg6 27. Rfh5 Rce8 28. Bxh6 Rh8 29. Bxg7 Rxh5 30. Rxh5 Kxh5 31. Bxf6 e3 32. Be5 Kg4 33. Kf1 Kf5 34. Ke2 Ke4 35. g3 c5 36. h4 Re6 37. h5 Rh6 38. g4 Rh7 39. b4 b6 40. Bf6 cxb4 41. c4 Kf4 42. d5 Kxg4 43. Kxe3 Kf5 44. Bd4 Rxh5 45. c5 Rh3+ 46. Kd2 bxc5 47. Bxc5 a5 48. Kc2 Rc3+ 0-1


[Site "https://www.chess.com"]

[Event "Titled Tuesday Blitz August 22 Early 2023"]
[White "Korelskiy, Egor"]
[Black "Karthik Rajaa"]
[WhiteFideId "34329064"]
[BlackFideId "25035215"]
[WhiteElo "2522"]
[BlackElo "2699"]
[Result "0-1"]
[Round "9"]
[TimeControl "180+1"]
[Date "2023.08.22"]
[WhiteClock "0:01:11"]
[BlackClock "0:00:55"]
[Board "55"]

1. e4 c6 2. d4 d5 3. f3 dxe4 4. fxe4 e5 5. Nf3 Bg4 6. Bc4 Nd7 7. c3 Bd6 8. O-O Ngf6 9. Be3 O-O 10. Nbd2 Qe7 11. Qc2 b5 12. Bb3 c5 13. a4 a6 14. h3 Bxf3 15. Nxf3 exd4 16. cxd4 c4 17. Ba2 Qxe4 18. Qd2 Nd5 19. Bf2 Qf4 20. Qa5 Bb4 21. Bxc4 Bxa5 22. Bxd5 b4 23. Bxa8 Rxa8 24. Rac1 Nf6 25. Ne5 Bb6 26. Rc4 Ne4 27. Rxb4 Nxf2 28. Rxb6 Nxh3+ 29. gxh3 Qxd4+ 30. Kh1 Qxb6 31. Nxf7 Qb7+ 32. Kg1 Qxf7 33. Rxf7 Kxf7 34. Kf2 Ke6 35. Ke3 Kd5 36. Kd3 Rb8 37. Kc3 a5 38. b3 Rb4 39. h4 Rxh4 40. Kb2 Rb4 41. Ka3 g5 42. Ka2 g4 43. Ka3 g3 44. Ka2 g2 45. Ka3 h5 46. Ka2 h4 47. Ka3 h3 48. Ka2 h2 49. Kb2 g1=Q 50. Ka3 Qa1# 0-1


[Site "https://www.chess.com"]

[Event "Titled Tuesday Blitz August 22 Early 2023"]
[White "Egor_Koshulyan"]
[Black "ATM622"]
[WhiteElo "2683"]
[BlackElo "2528"]
[Result "1-0"]
[Round "9"]
[TimeControl "180+1"]
[Date "2023.08.22"]
[WhiteClock "0:01:28"]
[BlackClock "0:00:29"]
[Board "56"]

1. e4 c6 2. d4 d5 3. e5 c5 4. dxc5 e6 5. a3 Bxc5 6. b4 Bb6 7. Bb2 Ne7 8. Nf3 O-O 9. Bd3 h6 10. O-O a5 11. Nbd2 Nd7 12. c4 dxc4 13. Nxc4 Bc7 14. Qe2 Nd5 15. Qe4 f5 16. exf6 N7xf6 17. Bxf6 Qxf6 18. Qh7+ Kf7 19. Rae1 Nf4 20. Nce5+ Ke8 21. Bb5+ Ke7 22. Re4 Bxe5 23. Nxe5 Qg5 24. g3 Rf5 25. Rxf4 Rxe5 26. h4 Qxf4 27. gxf4 Rxb5 28. Qxg7+ Kd6 29. Rd1+ Kc6 30. Qd4 axb4 31. Qd6# 1-0


[Site "https://www.chess.com"]

[Event "Titled Tuesday Blitz August 22 Early 2023"]
[White "Piesik, Piotr"]
[Black "only_strong_moves"]
[WhiteFideId "1136194"]
[WhiteElo "2660"]
[BlackElo "2523"]
[Result "1-0"]
[Round "9"]
[TimeControl "180+1"]
[Date "2023.08.22"]
[WhiteClock "0:00:26"]
[BlackClock "0:00:00"]
[Board "57"]

1. Nf3 Nf6 2. g3 d5 3. Bg2 e6 4. O-O Be7 5. d3 O-O 6. Nbd2 Nc6 7. e4 dxe4 8. dxe4 b6 9. Qe2 e5 10. Rd1 Be6 11. Nf1 Qc8 12. Bg5 Nd7 13. Bxe7 Nxe7 14. Ng5 Nc5 15. Nxe6 Qxe6 16. Ne3 c6 17. Qc4 Rad8 18. c3 Nd3 19. Qxe6 fxe6 20. Rd2 Rd7 21. Rad1 Rfd8 22. Bh3 Kf7 23. Nc4 Ng6 24. b4 Ke7 25. Bf1 b5 26. Na5 Nb2 27. Nxc6+ Ke8 28. Rxd7 Rxd7 29. Rxd7 Kxd7 30. Nxa7 Nd1 31. Nxb5 Kc6 32. Be2 Nb2 33. f3 Ne7 34. Kf2 Nc8 35. Ke3 Nb6 36. Na3 N6a4 37. Kd2 1-0


[Site "https://www.chess.com"]

[Event "Titled Tuesday Blitz August 22 Early 2023"]
[White "Zhu, Jiner"]
[Black "Hirneise, Jens"]
[WhiteFideId "8608059"]
[BlackFideId "24614734"]
[WhiteElo "2658"]
[BlackElo "2498"]
[Result "1-0"]
[Round "9"]
[TimeControl "180+1"]
[Date "2023.08.22"]
[WhiteClock "0:00:43"]
[BlackClock "0:00:01"]
[Board "58"]

1. Nf3 d5 2. e3 g6 3. c4 c6 4. Nc3 Nf6 5. b3 Bg7 6. Bb2 O-O 7. Be2 Bg4 8. O-O Nbd7 9. d4 Re8 10. h3 Bxf3 11. Bxf3 dxc4 12. bxc4 e5 13. Qb3 e4 14. Be2 Qc7 15. Rfd1 h5 16. d5 Nc5 17. Qc2 Rad8 18. Rac1 h4 19. Na4 Nfd7 20. d6 Qa5 21. Nxc5 Qxc5 22. Bxg7 Kxg7 23. Qb2+ Ne5 24. Qxb7 Rxd6 25. Qc7 Rxd1+ 26. Rxd1 Re7 27. Qc8 Nd3 28. Bxd3 exd3 29. Rxd3 Qxc4 30. Rd4 Qe6 31. Qxe6 Rxe6 32. Rxh4 Rd6 33. Rc4 Rd1+ 34. Kh2 Rd2 35. Kg3 Rxa2 36. Rxc6 a5 37. Ra6 a4 38. e4 a3 39. e5 Re2 40. f4 a2 41. Kf3 Rb2 42. Ra7 Kf8 43. g3 Ke8 44. Kg4 Rc2 45. Kg5 Rc3 46. Rxa2 Rxg3+ 47. Kf6 Rf3 48. Ra8+ Kd7 49. Ra7+ Ke8 50. Re7+ Kd8 51. Rxf7 Rxf4+ 52. Kxg6 Rh4 53. Rh7 Re4 54. Kf6 Re1 55. Ke6 Re2 56. Rh8+ Kc7 57. h4 Rh2 58. h5 1-0


[Site "https://www.chess.com"]

[Event "Titled Tuesday Blitz August 22 Early 2023"]
[White "Nasir, Zehn"]
[Black "Reprintsev, Alexander"]
[WhiteFideId "2613239"]
[BlackFideId "14100541"]
[WhiteElo "2656"]
[BlackElo "2500"]
[Result "1-0"]
[Round "9"]
[TimeControl "180+1"]
[Date "2023.08.22"]
[WhiteClock "0:00:12"]
[BlackClock "0:00:08"]
[Board "59"]

1. d4 d5 2. Bf4 Nf6 3. e3 c5 4. c3 Qb6 5. Qc2 g6 6. Nd2 Bf5 7. Bd3 Bxd3 8. Qxd3 Nc6 9. Rb1 Bg7 10. Ngf3 O-O 11. O-O Rad8 12. Ne5 Nxe5 13. Bxe5 Nd7 14. Bxg7 Kxg7 15. f4 e6 16. b4 cxb4 17. Rxb4 Qc7 18. c4 dxc4 19. Rxc4 Qa5 20. Qc2 Nb6 21. Rc7 Rc8 22. Nb3 Qf5 23. Qxf5 gxf5 24. Rxb7 Nd5 25. Nc5 Rc6 26. Kf2 Rb6 27. Rb1 Rxb1 28. Rxb1 Nb6 29. a4 Rc8 30. a5 Nc4 31. Rc1 Nd6 32. Rb1 Nc4 33. a6 Nb6 34. Rc1 Rb8 35. Rb1 Rc8 36. Ke2 Kf6 37. Rxb6 axb6 38. Nd7+ Ke7 39. Nxb6 Rc2+ 40. Kd3 Ra2 41. a7 Kd6 42. a8=Q Rxa8 43. Nxa8 Kc6 44. Kc4 Kb7 45. d5 Kxa8 46. dxe6 fxe6 47. Kd4 1-0


[Site "https://www.chess.com"]

[Event "Titled Tuesday Blitz August 22 Early 2023"]
[White "Frolyanov, Dmitry"]
[Black "Swicarz, Maciej"]
[WhiteFideId "4151976"]
[BlackFideId "1113585"]
[WhiteElo "2646"]
[BlackElo "2487"]
[Result "1-0"]
[Round "9"]
[TimeControl "180+1"]
[Date "2023.08.22"]
[WhiteClock "0:00:07"]
[BlackClock "0:00:03"]
[Board "60"]

1. d4 Nf6 2. c4 e6 3. Nf3 d5 4. g3 dxc4 5. Bg2 c5 6. O-O Nc6 7. dxc5 Qxd1 8. Rxd1 Bxc5 9. Nbd2 c3 10. bxc3 Nd5 11. Bb2 Nb6 12. c4 O-O 13. Rac1 Na4 14. Ba1 Ba3 15. Rb1 Rd8 16. Ne4 Rxd1+ 17. Rxd1 f6 18. Nd6 Bxd6 19. Rxd6 Nc5 20. Nd4 Ne5 21. Nb5 Bd7 22. Bd4 Nxc4 23. Bxc5 Bxb5 24. Rxe6 Rc8 25. Bd5 Kh8 26. Bxa7 Ba6 27. h4 h6 28. Re7 Ne5 29. Bxb7 Rc1+ 30. Kg2 Bxe2 31. Re8+ Kh7 32. Be4+ g6 33. Re7+ Kg8 34. f4 Ng4 35. Bd5+ Kf8 36. Rxe2 Rd1 37. Bf3 h5 38. Bxg4 hxg4 39. Bb6 f5 40. Bc5+ Kg8 41. a3 Ra1 42. Bb4 Rb1 43. Rd2 Ra1 44. Bd6 Kf7 45. Rd3 Ke6 46. Be5 Ra2+ 47. Kg1 Rc2 48. Rd6+ Kf7 49. Rf6+ Ke7 50. Rxg6 Rc1+ 51. Kf2 Rc2+ 52. Ke1 Rg2 53. h5 Rxg3 54. h6 Rh3 55. Rg7+ Ke6 56. h7 Kd5 57. Rd7+ Ke4 58. h8=Q 1-0


[Site "https://www.chess.com"]

[Event "Titled Tuesday Blitz August 22 Early 2023"]
[White "HamedWafa4"]
[Black "LeoLV10"]
[WhiteElo "2627"]
[BlackElo "2480"]
[Result "0-1"]
[Round "9"]
[TimeControl "180+1"]
[Date "2023.08.22"]
[WhiteClock "0:00:12"]
[BlackClock "0:00:11"]
[Board "61"]

1. e4 c6 2. d4 d5 3. e5 c5 4. Nf3 e6 5. c3 Nc6 6. Be2 Nge7 7. Na3 Nf5 8. Nc2 Qb6 9. O-O h5 10. Bd3 g6 11. a3 Bd7 12. Rb1 a5 13. Bxf5 gxf5 14. Bg5 Be7 15. h4 c4 16. Bxe7 Nxe7 17. Ng5 Ba4 18. Qd2 Ng6 19. g3 Ke7 20. Ne1 Rag8 21. Ng2 Bb3 22. Kh2 Qb5 23. Rbe1 Qa4 24. Re2 Rg7 25. Rc1 Rb8 26. Nf4 Nxf4 27. Qxf4 b5 28. Qf3 Rh8 29. Nh3 Rgg8 30. Nf4 Rg4 31. Rce1 Bd1 32. Nxd5+ exd5 33. Qxd5 Bxe2 34. Qd6+ Ke8 35. e6 b4 36. exf7+ Kxf7 37. Rxe2 Re4 38. Qd5+ Kg7 39. Qb7+ Kf6 40. Qb6+ Kg7 41. Qc7+ Kg6 42. Qd6+ Kh7 43. Qc7+ Kg6 44. Qb6+ Kf7 45. Qb7+ Kf8 46. Qc8+ Kg7 47. Qc7+ Kf8 48. Qc8+ Kg7 49. Qb7+ Kf8 50. Rxe4 fxe4 51. Qxe4 Qd7 52. axb4 axb4 53. Qf4+ Kg7 54. Qe5+ Kh7 55. Qe4+ Kg8 56. cxb4 Rh6 57. d5 Rd6 58. Qxc4 Rxd5 59. Kg2 Kf8 60. Qf4+ Qf5 61. Qh6+ Ke7 62. Qg7+ Kd8 63. Qg8+ Kc7 64. Qg7+ Kb6 65. Qe7 Rd7 66. Qe3+ Kb5 67. Qe2+ Kxb4 68. Qe1+ Kb3 69. Qc3+ Ka2 70. Qa3+ Kb1 71. Qc3 Qd5+ 72. Kh2 Qe4 73. b4 Qc2 74. Qf6 Rd1 75. Kg2 Qe4+ 76. Qf3 Rg1+ 77. Kxg1 Qxf3 78. Kh2 Qxf2+ 79. Kh3 Qf1+ 80. Kh2 Qf5 81. Kg2 Qg4 82. Kf2 Kc2 83. b5 Kd3 84. b6 Qd4+ 85. Kf3 Qxb6 86. g4 Qg6 87. g5 Qf5+ 88. Kg3 Ke4 89. Kg2 Qg4+ 90. Kf2 Qf3+ 91. Ke1 Ke3 92. g6 Qe2# 0-1


[Site "https://www.chess.com"]

[Event "Titled Tuesday Blitz August 22 Early 2023"]
[White "Herman, Daniel"]
[Black "Vlassov, Nikolai"]
[WhiteFideId "30935008"]
[BlackFideId "4103360"]
[WhiteElo "2461"]
[BlackElo "2621"]
[Result "1-0"]
[Round "9"]
[TimeControl "180+1"]
[Date "2023.08.22"]
[WhiteClock "0:00:57"]
[BlackClock "0:00:13"]
[Board "62"]

1. c4 e5 2. Nf3 e4 3. Nd4 d5 4. cxd5 Nf6 5. Nc3 c6 6. d3 cxd5 7. dxe4 dxe4 8. Bf4 Be7 9. e3 O-O 10. Be2 a6 11. O-O b5 12. Qb3 Bb7 13. Rfd1 Qb6 14. a4 b4 15. a5 Qa7 16. Nf5 Nc6 17. Nxe7+ Nxe7 18. Qxb4 Ng6 19. Bd6 Rfd8 20. Qb6 Ne8 21. Bg3 Qxb6 22. axb6 Ne7 23. Na4 Bc6 24. Nc5 Nd5 25. b7 Bxb7 26. Nxb7 Rd7 27. Nc5 Rdd8 28. Rxa6 Rab8 1-0


[Site "https://www.chess.com"]